 Dungeon Crawl Stone Soup version 0.25-a0-523-g9afb2ee040 (webtiles) character file.

Game seed: 2842623271312795847, levelgen mode: deterministic

4591 Flugslaktarn the Cleaver (level 10, -8/92 HPs)
             Began as a Deep Dwarf Fighter on Feb 18, 2020.
             Was a Believer of Makhleb.
             Mangled by a large abomination (18 damage)
             ... on level 2 of the Abyss.
             The game lasted 00:04:13 (4334 turns).

Flugslaktarn the Cleaver (Deep Dwarf Fighter)       Turns: 4334, Time: 00:04:14

Health: -8/92      AC: 14    Str: 23    XL:     10   Next: 18%
Magic:  5/5        EV:  8    Int:  9    God:    Makhleb [**....]
Gold:   325        SH:  0    Dex: 12    Spells: 9/9 levels left

rFire    . . .     SeeInvis .   f - +6 battleaxe
rCold    . . .     Gourm    .   (shield currently unavailable)
rNeg     . . .     Faith    +   k - +0 chain mail
rPois    .         Spirit   .   (no helmet)
rElec    .         Reflect  .   m - +2 cloak
rCorr    .         Harm     .   (no gloves)
MR       +....                  (no boots)
Stlth    ..........             u - amulet of faith
HPRegen  0.00/turn              x - ring of flight
MPRegen  0.09/turn              (no ring)

@: non-regenerating
A: damage resistance, heal wounds, sense surroundings 2, no regeneration
a: Heal Wounds, Minor Destruction, Renounce Religion, Evoke Flight


You were on level 2 of the Abyss.
You worshipped Makhleb.
Makhleb was pleased with you.
You were hungry.

You visited 2 branches of the dungeon, and saw 10 of its levels.
You visited the Abyss 1 time.
You also visited: Sewer.

You collected 370 gold pieces.
You spent 45 gold pieces at shops.

Inventory:

Hand Weapons
 f - a +6 battleaxe (weapon)
   (You took it off a wight on level 6 of the Dungeon)
Missiles
 b - a throwing net (quivered)
Armour
 c - a +0 kite shield
 k - a +0 chain mail (worn)
   (You found it on level 4 of the Dungeon)
 m - a +2 cloak (worn)
   (You found it on level 6 of the Dungeon)
Jewellery
 u - an amulet of faith (around neck)
   (You found it on level 7 of the Dungeon)
 x - a ring of flight (left hand)
   (You found it on level 6 of the Dungeon)
Wands
 v - a wand of digging (8)
   (You found it on level 7 of the Dungeon)
Scrolls
 g - a scroll of enchant weapon
 l - a scroll of magic mapping
 r - a scroll of enchant armour
 s - 3 scrolls of immolation
 t - a scroll of teleportation
 w - 5 scrolls of remove curse
 y - a scroll of vulnerability {unknown}
 z - a scroll of blinking
 A - a scroll of fear
Potions
 a - 2 potions of mutation {unknown}
 d - 2 potions of might
 h - 4 potions of brilliance
 i - a potion of flight
 j - 2 potions of heal wounds
 n - 2 potions of degeneration {unknown}
 o - 3 potions of haste {unknown}
 p - 2 potions of stabbing {unknown}
 q - 5 potions of curing
Comestibles
 e - 12 rations


   Skills:
 + Level 6.7 Fighting
 * Level 10.7 Axes
 + Level 8.2 Armour
 - Level 5.7 Shields
 * Level 5.6 Invocations


You had 9 spell levels left.
You didn't know any spells.
Your spell library was empty.

Dungeon Overview and Level Annotations

Branches:
Dungeon (9/15)             Temple (1/1) D:6           Sewer (visited)
   Lair: D:8-11         Orc: D:9-12

Altars:
Ashenzari
Cheibriados
Dithmenos
Elyvilon
Fedhas
Gozag
Hepliaklqana
Makhleb
Nemelex Xobeh
Qazlal
Ru
Sif Muna
Trog
Vehumet
Xom
Yredelemnul
The Shining One

Shops:
D:6 *   D:8 [

Annotations:
D:9 Harold, Pikel, Psyche


Innate Abilities, Weirdness & Mutations

You are resistant to damage.
You can heal yourself by infusing magical energy.
You passively map the area around you.
You do not regenerate.


Message History

You barely miss the large abomination.
The large abomination hits you but does no damage.
You hit the large abomination.
The large abomination is lightly damaged.
The large abomination hits you.
You slash the large abomination!
The large abomination is moderately damaged.
The large abomination hits you! The large abomination hits you!!
You hit the large abomination.
The large abomination is heavily damaged.
The large abomination hits you!
* * * LOW HITPOINT WARNING * * *
You completely miss the large abomination.
The large abomination is heavily damaged.
The large abomination hits you!!
* * * LOW HITPOINT WARNING * * *
You closely miss the large abomination.
The large abomination is heavily damaged.
The large abomination hits you!!
You die...

#... . . ##..#
## #.#.## ##.
..# #..####.##
##...#..#.###
#...#...# ..#
#X@##.###.#####
##.#. # .##..#
##.# #...#.# #
.# . ...## .#
###... # ##
....##.#
####..##8.#.
##. # .. .# # #


You could see a large abomination.

Vanquished Creatures
  Joseph (D:8)
  Maurice (D:8)
  A hippogriff (D:9)
  A human (D:8)
  Menkaure (D:7)
  2 sky beasts (D:5)
  4 slaves (D:9)
  An ice beast (D:6)
  2 orc warriors
  4 ogres
  2 phantoms
  A centaur (D:8)
  5 bullfrogs
  A big kobold (Sewer)
  2 scorpions
  16 wights
  4 howler monkeys
  2 crimson imps
  10 orc priests
  2 jellies
  2 bullfrog skeletons
  A centaur skeleton (D:7)
  An iguana (D:5)
  6 orc wizards
  7 worker ants
  2 hound zombies
  A hound skeleton (D:8)
  A mummy (D:4)
  3 gnolls (D:8)
  6 adders
  A shadow imp (D:6)
  3 oozes
  An adder zombie (D:9)
  An adder skeleton (D:7)
  A worm (D:4)
  A dart slug (D:2)
  4 leopard geckos
  31 orcs
  6 giant cockroaches
  A goblin (D:1)
  3 hobgoblins
  9 jackals
  3 quokkas
  2 ball pythons (Sewer)
  10 kobolds
  2 quokka skeletons
  10 rats
182 creatures vanquished.

Notes
Turn   | Place    | Note
-------+----------+-------------------------------------------
     0 | D:1      | Flugslaktarn the Deep Dwarf Fighter began the quest for the
                  | Orb.
     0 | D:1      | Reached XP level 1. HP: 20/20 MP: 1/1
    39 | D:1      | Reached XP level 2. HP: 27/27 MP: 2/2
   258 | D:3      | Reached XP level 3. HP: 32/34 MP: 3/3
   316 | D:4      | Noticed a phantom
   324 | D:4      | Reached skill level 3 in Axes
   371 | D:4      | Killed a phantom
   371 | D:4      | Reached XP level 4. HP: 18/42 MP: 4/4
   419 | D:4      | Reached skill level 4 in Axes
   419 | D:4      | Reached XP level 5. HP: 21/49 MP: 5/5
   587 | D:4      | Found a glowing drain.
   601 | Sewer    | Entered a sewer
   929 | D:4      | Reached XP level 6. HP: 38/57 MP: 5/5
  1012 | D:4      | Reached skill level 5 in Axes
  1399 | D:5      | Entered Level 5 of the Dungeon
  1434 | D:5      | Reached XP level 7. HP: 48/64 MP: 4/4
  1447 | D:5      | Reached skill level 5 in Armour
  1520 | D:5      | Reached skill level 5 in Shields
  1569 | D:5      | Reached skill level 6 in Axes
  2142 | D:6      | Reached XP level 8. HP: 42/73 MP: 4/4
  2152 | D:6      | HP: 3/73 [wight/+5 battleaxe (10)]
  2157 | D:6      | Reached skill level 7 in Axes
  2221 | D:6      | Reached skill level 5 in Fighting
  2259 | D:6      | Found Wukyleshe's General Store.
  2289 | D:6      | Bought a scroll of immolation for 45 gold pieces
  2337 | D:6      | Reached skill level 8 in Axes
  2437 | D:6      | Found a staircase to the Ecumenical Temple.
  2451 | Temple   | Entered the Ecumenical Temple
  2566 | Temple   | Became a worshipper of Makhleb the Destroyer
  3076 | D:7      | Found a glowing golden altar of the Shining One.
  3106 | D:7      | Gained mutation: You passively map the area around you.
                  | [Deep Dwarf growth]
  3106 | D:7      | Reached XP level 9. HP: 36/81 MP: 3/3
  3194 | D:7      | Noticed Menkaure
  3206 | D:7      | Killed Menkaure
  3206 | D:7      | Reached skill level 9 in Axes
  3595 | D:8      | Noticed Maurice
  3606 | D:8      | Reached * piety under Makhleb
  3611 | D:8      | Killed Maurice
  3620 | D:8      | Noticed Joseph
  3626 | D:8      | Reached skill level 1 in Invocations
  3655 | D:8      | Killed Joseph
  3655 | D:8      | Reached skill level 10 in Axes
  3807 | D:8      | Found Usyut's Antique Armour Boutique.
  3834 | D:8      | Reached ** piety under Makhleb
  3873 | D:8      | Reached XP level 10. HP: 43/92 MP: 5/5
  3906 | D:8      | Reached skill level 5 in Invocations
  4170 | D:9      | Noticed Pikel
  4181 | D:9      | Noticed Psyche
  4187 | D:9      | Noticed Harold
  4195 | D:9      | Found a hazy altar of Hepliaklqana.
  4269 | D:9      | Cast into level 1 of the Abyss (Psyche)
  4269 | Abyss:1  | Found a corrupted altar of Lugonu.
  4334 | Abyss:2  | Mangled by a large abomination

Levels and vault maps discovered:
D:1:      mrwooster_arrival_statue_2, layout_rooms
D:2:      layout_loops_corners, minmay_puff, uniq_sigmund
D:3:      minmay_angry_zag, layout_basic, nicolae_overflow_hidden_temple
D:4:      layout_basic, gup_ossuary_entry_pyramid, cheibrodos_sewer_entry_drain,
          first_ration, serial_curves, eino_curves_02, eino_curves_02
D:5:      layout_basic
D:6:      layout_basic, minmay_temple_entry_glassed_door, serial_shops,
          kennysheep_mini
D:7:      layout_gridville, tso_oasis_becter, uniq_menkaure
D:8:      layout_rooms, serial_shops, nicolae_shop_crystal, grunt_pizzeria,
          uniq_maurice, uniq_joseph
D:9:      layout_rooms, kennysheep_okawaru_gauntlet, lemuel_round_altar,
          amethyst_overflow_temple_binary, uniq_prince_ribbit1, uniq_psyche,
          uniq_pikel, uniq_harold
Temple:   nicolae_temple_elliptical
Abyss:2:  base: D:9, evilmike_abyss_exit_10, serial_sigils_hangedman_snap

Skill      XL: |  1  2  3  4  5  6  7  8  9 10 |
---------------+-------------------------------+-----
Fighting       | 3 4 5 6 |  6.7
Axes           | 3 4 5 6 8 10 | 10.7
Armour         | 4 5 6 8 |  8.2
Shields        | 4 5 |  5.7
Invocations    | 4 5 |  5.6

Action                   |  1- 3 |  4- 6 |  7- 9 | 10-12 || total
-------------------------+-------+-------+-------+-------++-------
Melee: War axe           |    69 |   201 |   142 |       ||   412
       Battleaxe         |       |       |   167 |    51 ||   218
 Abil: Heal Wounds       |     1 |     4 |    21 |     8 ||    34
  Use: Scroll            |       |       |    12 |       ||    12
       Potion            |       |       |     2 |     1 ||     3
  Eat: Chunk             |       |     3 |     8 |     1 ||    12
Armor: Scale mail        |    21 |       |       |       ||    21
       Chain mail        |       |   121 |   226 |    50 ||   397
Dodge: Dodged            |    19 |    34 |   131 |    34 ||   218
Block: Kite shield       |    31 |    92 |    88 |       ||   211

Table legend:
 A = Non-vault XP
 B = Vault XP
 C = Vault XP percentage of total XP
 D = Non-vault monster count
 E = Vault monster count
 F = Vault count percentage of total count
                 A         B        C        D         E       F
            +---------+---------+-------+---------+---------+-------
      Total |    5079 |    1480 |  22.6 |     152 |      26 |  14.6
            +---------+---------+-------+---------+---------+-------
        D:1 |      13 |       0 |   0.0 |       8 |       0 |   0.0
        D:2 |      27 |       0 |   0.0 |       7 |       0 |   0.0
        D:3 |       2 |       0 |   0.0 |       2 |       0 |   0.0
        D:4 |     483 |      26 |   5.1 |      17 |       4 |  19.0
        D:5 |     689 |       0 |   0.0 |      27 |       0 |   0.0
        D:6 |    1145 |       0 |   0.0 |      30 |       0 |   0.0
        D:7 |     560 |     172 |  23.5 |      18 |       1 |   5.3
        D:8 |    1490 |    1158 |  43.7 |      35 |       3 |   7.9
        D:9 |     670 |       0 |   0.0 |       8 |       0 |   0.0
      Sewer |       0 |     124 | 100.0 |       0 |      18 | 100.0
            +---------+---------+-------+---------+---------+-------
